[Event "*** Titled Tuesday Blitz"]
[Site "Chess.com"]
[Date "2020.04.14"]
[Round "7"]
[White "Oligan22"]
[Black "enriquetejedor"]
[Result "1/2-1/2"]
[WhiteElo "2403"]
[BlackElo "2560"]
[TimeControl "180+1"]
[EndTime "11:15:06 PDT"]
[Termination "Game drawn by repetition"]

1. e4 e6 2. d4 d5 3. Nc3 Bb4 4.
e5 Ne7 5. Bd2 O-O 6. a3 Bxc3 7.
Bxc3 b6 8. a4 Ba6 9. Bb5 c6 10.
Bxa6 Nxa6 11. Nf3 c5 12. Qe2 Nb8 13. Bd2 Nbc6 14. Bg5 cxd4 15. Rd1 h6 16. Bxe7 Qxe7 17. Nxd4 Nxd4 18. Rxd4 Rfc8 19. O-O Rab8 20. c3 Qc5 21.
Qb5 Qxb5 22. axb5 Rc5 23. Rb4 a5 24. bxa6 Ra5 25. Rd1 Rxa6 26. f4 h5 27. Kf2 g6 28.
g3 Kf8 29. Ke3 Ke7 30. c4 dxc4 31. Rxc4 Rb7 32. Rc8 Rd7 33. Rxd7+ Kxd7 34. Rb8 h4 35. gxh4 Ra4 36. Rxb6 Ra1 37. Rb7+ Ke8 38. Kd4 Rf1 39. Ke4 Re1+ 40. Kf3 Rh1 41. Kg2 Re1 42. b4 Kf8 43. b5 Re4 44. Kf3 Rb4 45. b6 Rb2 46. Rb8+ Kg7 47. b7 Rb3+ 48. Kg2 Kh7 49. Kf2 Kg7 50. Ke2 Rb2+ 51. Kf3 Rb3+ 52. Kg4 Rb2 53. Kg3 Rb3+ 54. Kg4 Rb2 55. Kf3 1/2-1/2

[Event "*** Titled Tuesday Blitz"]
[Site "Chess.com"]
[Date "2020.04.14"]
[Round "7"]
[White "ENEASZ"]
[Black "Saloni1299"]
[Result "1-0"]
[WhiteElo "2498"]
[BlackElo "2243"]
[TimeControl "180+1"]
[EndTime "11:15:06 PDT"]
[Termination "ENEASZ won by resignation"]

1. e4 e6 2. d4 d5 3. Bd3 c5 4. exd5 exd5 5. Nf3 c4 6. Be2 Nf6 7. O-O Be7 8. b3 cxb3 9. axb3 O-O 10. Re1 Nc6 11. c3 Bg4 12. Nbd2 Qc7 13. Nf1 Bd6 14. Ne3 Bxf3 15. Bxf3 Bxh2+ 16. Kh1 Rad8 17. g3 Bxg3 18. fxg3 Qxg3 19. Qe2 Rfe8 20. Rf1 Ne4 21. Qh2 Qxh2+ 22. Kxh2 Nxc3 23. Nf5 g6 24. Nh6+ Kg7 25. Ng4 h5 26. Nf2 Nxd4 27. Bg2 Nde2 28. Bb2 a6 29. Nd3 d4 30.
Rf2 Re3 31. Nc5 b6 32. Nxa6 g5 33. Nb4 g4 34. Rf5 Kg6 35. Raf1 g3+ 36. Kh3 Ne4 37. Bxe4 Rxe4 38. Nc6 Rd6 39. Nb4 d3 40. Nxd3 Rxd3 41. Rf6+ Kg7 42. R6f3+ Kg6 43. Rxd3 Nf4+ 44. Rxf4 Rxf4 45. Kxg3 Rb4 46. Kf3 Rg4 47. Be5 f6 48. Bf4 Kf5 49. Rd5+ Kg6 50. b4 f5 51. Rd6+ Kf7 52.
Rxb6 h4 53. b5 h3 54. Rh6 h2 55. Rxh2 Rg1 56. Rb2 Rb1 57. Rxb1 Ke6 58. b6 1-0

[Event "*** Titled Tuesday Blitz"]
[Site "Chess.com"]
[Date "2020.04.14"]
[Round "7"]
[White "IljaJoke"]
[Black "BojanR1"]
[Result "1-0"]
[WhiteElo "2511"]
[BlackElo "2332"]
[TimeControl "180+1"]
[EndTime "11:15:06 PDT"]
[Termination "IljaJoke won by resignation"]

1. d4 c5 2. dxc5 Nc6 3. a3 a5 4. Nc3 e6 5. e4 Bxc5 6. Bd3 Nf6 7. e5 Nxe5 8. Nf3 Neg4 9. O-O Qc7 10. h3 Ne5 11.
Bf4 Nxf3+ 12. Qxf3 d6 13. Nb5 Qc6 14. Qxc6+ bxc6 15. Nxd6+ Ke7 16. Nxc8+ Rhxc8 17. Be5 h6 18. Rfb1 Rd8 19. b4 Bd4 20. Bxd4 Rxd4 21. b5 cxb5 22.
Rxb5 Nd5 23. Rab1 Kf6 24. Rc5 Nf4 25. Bf1 Rd2 26. g3 Nd5 27. c4 Nc3 28. Rb7 Kg6 29. Rcc7 Rf8 30. Rd7 Ra2 31. c5 Ne4 32. Bd3 f5 33.
Rxg7+ Kf6 34. Bxe4 fxe4 35. c6 Rxa3 36. c7 Rc3 37.
Rh7 Kg6 38. Re7 Kf6 39. Rd7 Rc8 40. Ra7 Rc5 41. h4 h5 42. Kf1 Kf5 43. Ke2 Rc2+ 44. Ke3 Rc3+ 45. Kd2 Rc5 46. Rf7+ Ke5 47. Rh7 Kd6 48. Ke3 R8xc7 49. Rhxc7 Rxc7 50. Rxa5 Rc3+ 51. Kxe4 Rc4+ 52. Ke3 e5 53. Ra6+ Kd5 54. Rh6 Rc3+ 55. Ke2 Ke4 56. Rxh5 Rc2+ 57. Kf1 Rc1+ 58. Kg2 Rc2 59.
Rh8 Rc6 60. h5 Kf5 61. Rg8 Rh6 62. g4+ Kf4 63. f3 Rh7 64. Rf8+ Kg5 65. Rf5+ Kh4 66.
Rxe5 Rc7 67. Re2 Rc2 68. Rxc2 1-0

[Event "*** Titled Tuesday Blitz"]
[Site "Chess.com"]
[Date "2020.04.14"]
[Round "7"]
[White "djano"]
[Black "kingandqueen2017"]
[Result "0-1"]
[WhiteElo "2475"]
[BlackElo "2373"]
[TimeControl "180+1"]
[EndTime "11:15:06 PDT"]
[Termination "kingandqueen2017 won by checkmate"]

1. Nf3 d5 2. g3 Nf6 3. Bg2 c6 4. O-O Bg4 5. c4 e6 6. Ne5 Bh5 7. cxd5 exd5 8. d4 Nbd7 9. Nd2 Bd6 10. Ndf3 O-O 11. Bf4 Qe7 12. Qb3 Rab8 13. Rfe1 Rfe8 14. Rac1 Ne4 15. Nxd7 Qxd7 16. Bxd6 Qxd6 17. Ne5 Nf6 18.
e3 Nd7 19. Nd3 Bg6 20. Nf4 Be4 21. f3 Bg6 22. h4 h6 23. Kf2 Re7 24. Bh3 Nb6 25.
Qc3 Rbe8 26. b3 Bh7 27. Qc5 Qf6 28. Qa5 Bf5 29. Qxa7 Nc8 30. Qa5 Bxh3 31. Nxh3 Nd6 32. Nf4 Nf5 33. Qd2 Rxe3 34. Rxe3 Rxe3 35. Ng2 Re8 36. Rd1 Nd6 37. Qf4 Qe6 38. Re1 Qd7 39.
Rxe8+ Nxe8 40. Qb8 g6 41. Nf4 Kg7 42. Nd3 Qe7 43.
Ne5 Nd6 44. g4 f6 45. Nd3 Nb5 46. Qf4 g5 47. hxg5 hxg5 48. Qd2 Nxd4 49. Qc3 Qe2+ 50. Kg3 Qxf3+ 51. Kh2 Qxg4 52. Ne1 Qe2+ 53. Ng2 Nf3+ 54.
Kg3 Ne5 55. Ne3 Qf3+ 56. Kh2 Qxe3 57. Qa5 Ng4+ 58. Kg2 Qf2+ 59. Kh3 Qf3# 0-1

[Event "*** Titled Tuesday Blitz"]
[Site "Chess.com"]
[Date "2020.04.14"]
[Round "7"]
[White "freshfoodcompany"]
[Black "AquivaRubinstein"]
[Result "0-1"]
[WhiteElo "2227"]
[BlackElo "2382"]
[TimeControl "180+1"]
[EndTime "11:15:06 PDT"]
[Termination "AquivaRubinstein won by resignation"]

1. d4 Nf6 2. c4 c5 3. d5 e6 4.
Nc3 exd5 5. cxd5 d6 6. Nf3 g6 7. h3 Bg7 8. Bf4 O-O 9. e3 Na6 10. Be2 Nc7 11. O-O b6 12. Bc4 Ba6 13. Bxa6 Nxa6 14. Nb5 Ne8 15. Qe2 Nac7 16. Nxc7 Nxc7 17. Rfd1 Re8 18. Qd3 Bxb2 19. Rab1 Bg7 20. Nd2 b5 21. Ne4 c4 22. Qc2 Be5 23. Bg5 f6 24. Bh4 g5 25.
Bg3 f5 26. Bxe5 Rxe5 27. Nc3 a6 28. f4 Rxe3 29. Re1 Qe7 30. Kf2 Re8 31. Rec1 gxf4 32. Qxf5 f3 33. Qg4+ Kh8 34. Qd4+ Qe5 35. Qxe5+ R3xe5 36. Kxf3 Nxd5 37. Nxd5 Rxd5 38. Rd1 Ree5 39. Kf4 Kg7 40.
a4 Kf6 41. axb5 axb5 42. Rf1 Rf5+ 43. Ke4 Re5+ 44. Kd4 Rxf1 45. Rxf1+ Ke6 46. Rf8 Rd5+ 47. Ke4 Rd2 48. Re8+ Kd7 49. Rb8 Rb2 50. Rb7+ Kc6 51. Rxh7 c3 52. Kd3 c2 53. Kd2 b4 54. g4 b3 55. Rh8 Rb1 56. Rc8+ Kd5 57. Rc3 Rd1+ 58.
Ke2 c1=Q 59. Rxc1 Rxc1 60. g5 b2 61. g6 b1=Q 62. g7 Qe4+ 63. Kf2 Rc2+ 0-1

[Event "*** Titled Tuesday Blitz"]
[Site "Chess.com"]
[Date "2020.04.14"]
[Round "7"]
[White "LizaSolovyova"]
[Black "DejanNestor64"]
[Result "0-1"]
[WhiteElo "2573"]
[BlackElo "2443"]
[TimeControl "180+1"]
[EndTime "11:15:07 PDT"]
[Termination "DejanNestor64 won by resignation"]

1. d4 Nf6 2. Nc3 d5 3. e4 dxe4 4. f3 exf3 5. Qxf3 g6 6. Bg5 Bg7 7. h3 Qxd4 8. Nge2 Qd8 9. Bd2 O-O 10. O-O-O Nbd7 11. g4 c6 12. Bf4 Qa5 13. Kb1 Nb6 14. Nd4 Nfd5 15. Nxd5 Nxd5 16. Nb3 Qb6 17. Bc1 a5 18.
Bc4 Be6 19. Rhe1 Nc3+ 20. bxc3 Bxc4 21. Be3 Qb5 22. Kc1 Bd5 23. Qg3 a4 24. Nd4 Qc4 25.
Bg5 e5 26. Rxe5 f6 27. Rxd5 Qxd5 28. Be3 Qxa2 29. Qc7 Rf7 30. Qd6 Qd5 31. Qb4 Qe4 32. Kd2 Re8 33. Re1 Qg2+ 34. Re2 Qxh3 35. Qxa4 Qxg4 36. Rf2 Qd7 37. Qb4 Qc7 38. Qb3 c5 39. Ne6 Qd7+ 40. Nd4 cxd4 41. cxd4 f5 42. Bf4 Qxd4+ 43.
Kc1 Qxf2 44. Qb5 Qxf4+ 45. Kb1 Qe5 46. Qb3 Qb2+ 47. Qxb2 Bxb2 48. Kxb2 f4 0-1

[Event "*** Titled Tuesday Blitz"]
[Site "Chess.com"]
[Date "2020.04.14"]
[Round "7"]
[White "asimali1977"]
[Black "Torrentec"]
[Result "0-1"]
[WhiteElo "1990"]
[BlackElo "2306"]
[TimeControl "180+1"]
[EndTime "11:15:07 PDT"]
[Termination "Torrentec won by checkmate"]

1. Nf3 d5 2. g3 Nf6 3. Bg2 c6 4. O-O h6 5. d3 Bg4 6. Nbd2 Nbd7 7.
e4 dxe4 8. dxe4 e5 9. h3 Bh5 10.
c3 Qc7 11. Qc2 Bc5 12. b4 Bb6 13. Bb2 O-O 14. a3 Rfe8 15. Rad1 a5 16. Nc4 axb4 17. cxb4 Ba7 18. Nd6 Re6 19. Nf5 Bg6 20. N3h4 Rae8 21. Nxg6 fxg6 22. Nh4 Kh7 23. Rd2 Rf8 24. Rfd1 Rf7 25.
Qb3 Ree7 26. Bf3 Nh5 27. Bxh5 gxh5 28. Nf5 Nf6 29. Nxe7 Qxe7 30. Qc4 h4 31. Kg2 hxg3 32. fxg3 Nh5 33. Rf1 Rxf1 34. Qxf1 Qg5 35. Qf5+ Qxf5 36.
exf5 e4 37. Re2 e3 38. Kf3 g5 39. fxg6+ Kxg6 40. Bc1 Nf6 41. Bxe3 Bb8 42. Bf4 Ba7 43. Re6 Kf5 44. Rd6 h5 45. g4+ hxg4+ 46. hxg4+ Nxg4 47. Rd7 Be3 48. Bxe3 Ne5+ 49. Ke2 Nxd7 50. Kd3 Ke5 51.
Kc4 b5+ 52. Kc3 Kd5 53. Bg1 Ne5 54.
Bh2 Nc4 55. Kb3 Nd2+ 56. Ka2 Ne4 57. Be5 Kc4 58. Bg7 Nc3+ 59. Kb2 Nd1+ 60. Kc2 Ne3+ 61.
Kb2 Nd5 62. Bf8 Nb6 63. Bc5 Na4+ 64. Kc2 Nxc5 65. bxc5 Kxc5 66. Kb3 Kd4 67. Kb4 c5+ 68. Kxb5 c4 69. a4 c3 70. a5 c2 71. a6 c1=Q 72. a7 Qh1 73. Kb6 Qa8 74. Ka6 Kc5 75. Ka5 Qxa7# 0-1

[Event "*** Titled Tuesday Blitz"]
[Site "Chess.com"]
[Date "2020.04.14"]
[Round "7"]
[White "isla88"]
[Black "Lion-Al-Messi"]
[Result "1-0"]
[WhiteElo "2309"]
[BlackElo "2463"]
[TimeControl "180+1"]
[EndTime "11:15:08 PDT"]
[Termination "isla88 won by resignation"]

1. c4 b6 2. Nc3 Bb7 3. e4 e5 4. Nf3 Nc6 5. d4 exd4 6. Nxd4 Bc5 7. Be3 Qh4 8. g3 Qe7 9. Nf5 Qf8 10. Nd5 O-O-O 11. Bg2 Bb4+ 12. Nxb4 Qxb4+ 13. Qd2 g6 14. Nd4 Nge7 15. Qxb4 Nxb4 16. Kd2 f5 17. a3 Nbc6 18. exf5 gxf5 19. Nxc6 dxc6+ 20. Kc3 c5 21. Bxb7+ Kxb7 22. Bg5 Rd7 23. Rad1 Rhd8 24. Rxd7 Rxd7 25. Re1 Nc6 26. Bf4 Nd4 27. Re8 a5 28. b4 cxb4+ 29. axb4 a4 30. c5 Ne2+ 31. Rxe2 b5 32. Rd2 Re7 33. Be3 Kc6 34.
Kb2 Re4 35. Rd4 Re6 36. Rf4 Re5 37. g4 fxg4 38. Rxg4 Rh5 39. h4 Rf5 40. Rf4 Re5 41. Rf6+ Kd5 42. Rf7 c6 43. Rf6 Kc4 44. Rf4+ Kd5 45.
Rd4+ Ke6 46. Rd6+ Kf5 47. Rxc6 Re4 48. Rb6 Rxb4+ 49. Ka3 Rb3+ 50. Ka2 Ke5 51. c6 Kd6 52. Bf4+ Ke7 53. c7 Kd7 54. Rb8 Rc3 55. Rd8+ 1-0

[Event "*** Titled Tuesday Blitz"]
[Site "Chess.com"]
[Date "2020.04.14"]
[Round "7"]
[White "Perecke"]
[Black "BabyBoss31"]
[Result "0-1"]
[WhiteElo "2200"]
[BlackElo "2351"]
[TimeControl "180+1"]
[EndTime "11:15:08 PDT"]
[Termination "BabyBoss31 won on time"]

1. e4 e6 2. d4 d5 3. Nc3 Nf6 4. e5 Nfd7 5. Nce2 c5 6. c3 Nc6 7. f4 Qb6 8. Nf3 f6 9. g3 cxd4 10.
Nexd4 fxe5 11. fxe5 Nc5 12. Bh3 Be7 13. O-O O-O 14. Bg5 Bd7 15. Bxe7 Nxe7 16. Qc2 Ne4 17. Kg2 Rac8 18. Rac1 Qa6 19. Nd2 Ng5 20. Bg4 Nc6 21. Rxf8+ Rxf8 22. Re1 Nxd4 23. cxd4 Rc8 24. Qb3 Qb6 25.
Qxb6 axb6 26. h4 Rc2 27. Re2 Nf7 28. Nb3 Rc8 29. Rd2 Ra8 30. a3 Ba4 31. Na1 Bd7 32.
Rc2 Nd8 33. Nb3 Bc6 34. Rc3 Kf7 35. Nd2 Ke7 36. Nf3 g6 37. Kf2 h5 38. Ke3 hxg4 39.
Ng5 Nf7 40. Kf4 Nxg5 41. Kxg5 Rf8 42. Kxg6 Rf3 43. h5 Rf2 44. h6 Kf8 45. h7 Rh2 46.
Rc1 Be8+ 47. Kg5 Rxh7 48. Kf6 Rh6+ 49. Kg5 Rg6+ 50. Kh5 Rg7+ 51. Kh6 Rg6+ 52. Kh5 Rg8+ 53. Kh4 Bc6 54. Kh5 Ke7 55. Rf1 Rf8 56. Rxf8 Kxf8 57. Kxg4 Kg7 58. Kg5 Ba4 59. g4 Bc2 60. Kf4 Kg6 61.
Ke3 b5 62. Ke2 Kg5 63. Kd2 Bb3 64. Kc3 Bc4 65. Kb4 Kxg4 66. Kc5 Kf5 67. Kd6 Ke4 68. Kxe6 Kxd4 69. Kd6 Ke4 70. e6 d4 71. e7 Bf7 0-1

[Event "*** Titled Tuesday Blitz"]
[Site "Chess.com"]
[Date "2020.04.14"]
[Round "7"]
[White "Firegrizzly"]
[Black "BasilSmash"]
[Result "1-0"]
[WhiteElo "2594"]
[BlackElo "2398"]
[TimeControl "180+1"]
[EndTime "11:15:10 PDT"]
[Termination "Firegrizzly won on time"]

1. e4 c6 2. d4 d5 3. e5 Bf5 4. c4 e6 5. Nc3 Ne7 6. a3 Nd7 7.
h4 h6 8. h5 Qb6 9. c5 Qc7 10. b4 f6 11. f4 fxe5 12. fxe5 a5 13. Bf4 g5 14. Bh2 Bg7 15. Be2 O-O 16. Nf3 b5 17. O-O Qb7 18. Qd2 axb4 19. axb4 Rxa1 20. Rxa1 Ra8 21. Qb2 Nb8 22. Bg3 Rxa1+ 23. Qxa1 Qa6 24. Qb2 Nd7 25. Nh2 Nf8 26. Bf2 Nd7 27. Be3 Kh8 28. g4 Bh7 29. Kf2 Kg8 30. Nf1 Bf8 31. Nd2 Nc8 32. Nb3 Be7 33. Na5 Bd8 34. Nxc6 Qxc6 35.
Bxb5 Qc7 36. Qa3 Nxe5 37. dxe5 Qxe5 38. Ne2 Qh2+ 39. Ke1 Qb8 40. Bd7 e5 41. Be6+ Kh8 42. Bxd5 Ne7 43. Bc4 Qc8 44. Qc3 Bc7 45. b5 Qxg4 46.
b6 Bb8 47. Bd2 Qxh5 48. Be6 Qh1+ 49. Kf2 Qh2+ 50. Kf1 Be4 51. Qg3 Qh1+ 52. Ng1 Ng6 53.
Bc3 Nf4 54. Bc4 Kh7 55. Bd2 Bg2+ 56. Kf2 Bc6 57. Bxf4 exf4 58. Qh3 Qe4 59. Bd3 Be5 60. Bxe4+ Bxe4 61. Qd7+ Kg6 62. Qe8+ Kf5 63. Qd7+ Kf6 64. c6 g4 65. c7 g3+ 66. Ke2 f3+ 67. Nxf3 1-0

[Event "*** Titled Tuesday Blitz"]
[Site "Chess.com"]
[Date "2020.04.14"]
[Round "7"]
[White "josiwales"]
[Black "827883"]
[Result "1-0"]
[WhiteElo "2579"]
[BlackElo "2094"]
[TimeControl "180+1"]
[EndTime "11:15:11 PDT"]
[Termination "josiwales won by checkmate"]

1. e4 e5 2. Nf3 Nc6 3. Bc4 Nf6 4. d3 Bc5 5. O-O O-O 6. h3 h6 7. c3 d6 8. a4 a5 9. Na3 Be6 10. Bb5 Qb8 11. d4 exd4 12. cxd4 Bxa3 13. Rxa3 Nb4 14. Re1 c6 15. Bf1 d5 16. e5 Ne4 17.
Bf4 Qd8 18. Nd2 Nxd2 19. Qxd2 Qh4 20. Rg3 Kh8 21. Be3 Rae8 22. Kh2 f5 23. exf6 Qxf6 24. Qc3 Bg8 25. Qc5 Bh7 26. Rc1 Ra8 27. Rf3 Qd8 28. Rxf8+ Qxf8 29. Be2 Qxc5 30. Rxc5 b6 31. Rc3 Re8 32.
Bg4 Re7 33. Bf4 Re4 34. Be5 Re1 35. Bd7 Bc2 36. Bxc6 Nxc6 37. Rxc6 Bxa4 38. Rxh6+ Kg8 39. Rxb6 Re2 40. Rb8+ Kh7 41. Rb7 Rxf2 42. Rxg7+ Kh6 43. Ra7 Bc2 44. Kg3 Re2 45. Ra6+ Kh5 46. Bf4 Bg6 47. Rd6 Rxb2 48. Rxd5+ Bf5 49. Rxf5+ Kg6 50. Rxa5 Rb7 51. Kg4 Rd7 52. Ra6+ Kh7 53. Rd6 Rf7 54.
d5 Rb7 55. Re6 Kg7 56. d6 Rb1 57. g3 Rd1 58. Re7+ Kg6 59. h4 Kf6 60. h5 Rxd6 61.
Bg5# 1-0

[Event "*** Titled Tuesday Blitz"]
[Site "Chess.com"]
[Date "2020.04.14"]
[Round "7"]
[White "Igrok3069"]
[Black "bangchess21"]
[Result "1-0"]
[WhiteElo "2577"]
[BlackElo "2670"]
[TimeControl "180+1"]
[EndTime "11:15:12 PDT"]
[Termination "Igrok3069 won by resignation"]

1. d4 Nf6 2. Nf3 e6 3. c4 Bb4+ 4. Bd2 a5 5. g3 d6 6. Bg2 Qe7 7. O-O e5 8. Nc3 exd4 9. Nxd4 O-O 10. Rc1 Bc5 11. Nb3 c6 12. Nxc5 dxc5 13. Bf4 Rd8 14. Qc2 Be6 15. b3 Nbd7 16. Rfd1 Nf8 17. Na4 h6 18. Rxd8 Rxd8 19. Qc3 Ra8 20. Rd1 Ne8 21. Bc1 Nd7 22. Ba3 f6 23. Qe3 Rd8 24. Rd3 Ne5 25.
Rd2 Ng4 26. Qc3 b5 27. cxb5 cxb5 28. Bxc5 Qc7 29. Rxd8 Qxd8 30. Nb2 b4 31. Qd4 Qc8 32. Nd3 Nc7 33. h3 Nb5 34. Qf4 g5 35. Qe4 Nc3 36. Qg6+ Kh8 37. hxg4 Nxe2+ 38. Kh2 Bxg4 39. Qxh6+ Kg8 40.
Bd5+ Be6 41. Qg6+ Kh8 42. Qxf6+ Kh7 43. Bxe6 Qe8 44. Bf5+ Kg8 45. Qg6+ Qxg6 46. Bxg6 Nc3 47. Bb6 a4 48. Nxb4 axb3 49. axb3 Nd1 50. Bd4 g4 51.
Nd3 Kf8 52. Bf5 Kf7 53. Bxg4 Kg6 54. Bxd1 Kg5 55. f3 Kf5 56. b4 Kg5 57. b5 Kf5 58. b6 Kg5 59. b7 Kg6 60. b8=Q Kh5 61. Qe5+ Kg6 62. Qf6+ Kh5 63. Qh4+ Kg6 64. Qg4+ 1-0

[Event "*** Titled Tuesday Blitz"]
[Site "Chess.com"]
[Date "2020.04.14"]
[Round "7"]
[White "fabianvivasz"]
[Black "Chichin_chao"]
[Result "1-0"]
[WhiteElo "2255"]
[BlackElo "2354"]
[TimeControl "180+1"]
[EndTime "11:15:12 PDT"]
[Termination "fabianvivasz won on time"]

1. e4 c5 2. Nf3 e6 3. d3 Nc6 4. g3 Nge7 5. Bg2 d5 6. Nbd2 g6 7. O-O Bg7 8. c3 b6 9. Re1 Bb7 10. h4 h5 11. Nf1 dxe4 12. dxe4 Qxd1 13. Rxd1 Na5 14. Ng5 Nec6 15. Bf4 O-O 16. Rd7 e5 17. Be3 Bc8 18. Rd6 Ne7 19. b3 Nb7 20. Rd2 f6 21.
Nh3 Be6 22. Rad1 a5 23. f4 Bg4 24. Rb1 Nc6 25. Nf2 Be6 26. f5 Bf7 27. fxg6 Bxg6 28.
Bh3 Rad8 29. Rbd1 Rxd2 30. Rxd2 Rd8 31. Be6+ Bf7 32. Bd5 Bxd5 33. exd5 Ne7 34. c4 Nd6 35. Kg2 Nef5 36. g4 Nxe3+ 37. Nxe3 Bh6 38. Re2 Kf7 39. Kh3 Bf4 40. gxh5 Rh8 41. Ng2 Bc1 42. Kg4 f5+ 43.
Kh3 e4 44. Re1 Bd2 45. Re2 Bc1 46. Ne3 Rxh5 47. Ng2 Kf6 48. Nh1 Rh8 49. Ng3 Ke5 50. h5 f4 51. Nf1 f3 52. Re1 Rxh5+ 53. Kg4 fxg2 54. Ng3 Rg5+ 55. Kh3 Bf4 56. Ne2 1-0

[Event "*** Titled Tuesday Blitz"]
[Site "Chess.com"]
[Date "2020.04.14"]
[Round "7"]
[White "abubakrtagelsir"]
[Black "Fy_Rakotomaharo"]
[Result "1-0"]
[WhiteElo "2292"]
[BlackElo "2528"]
[TimeControl "180+1"]
[EndTime "11:15:13 PDT"]
[Termination "abubakrtagelsir won on time"]

1. Nf3 Nf6 2. g3 g6 3. Bg2 Bg7 4. O-O O-O 5. d3 d5 6. Nbd2 c5 7. e4 Nc6 8. c3 e5 9. Re1 h6 10. exd5 Nxd5 11. Nc4 Re8 12. a4 Bf5 13. Nh4 Be6 14.
a5 Qc7 15. Qa4 Rad8 16. Nf3 f5 17. Qa3 b5 18. axb6 axb6 19. Qa4 e4 20. dxe4 Nxc3 21. bxc3 Bxc3 22. Bxh6 Bxa1 23. Rxa1 fxe4 24. Ng5 Nd4 25. Ne3 Bb3 26. Qa6 Qc6 27. Qa7 Rd7 28. Qa3 Rdd8 29. Qb2 Ra8 30. Rxa8 Qxa8 31. h4 Qa2 32. Qxa2 Bxa2 33.
Nxe4 Rb8 34. Bf4 Rc8 35. Bh3 Ra8 36. Bg2 Ra3 37. Bc7 Rb3 38. Kh2 Rb2 39. Ng4 Be6 40. Ngf6+ Kf7 41. Be5 Bf5 42. Ng5+ Ke7 43. f4 1-0

[Event "*** Titled Tuesday Blitz"]
[Site "Chess.com"]
[Date "2020.04.14"]
[Round "7"]
[White "GigaQuparadze"]
[Black "Frolyanov_D"]
[Result "1-0"]
[WhiteElo "2922"]
[BlackElo "2774"]
[TimeControl "180+1"]
[EndTime "11:15:14 PDT"]
[Termination "GigaQuparadze won by resignation"]

1. e4 e5 2. Nf3 Nf6 3. Nxe5 d6 4. Nf3 Nxe4 5. d4 d5 6. Bd3 Bd6 7. O-O O-O 8. c4 c6 9. Re1 Bf5 10. Qc2 Na6 11. a3 Re8 12. Nc3 Nxc3 13. Bxf5 Rxe1+ 14. Nxe1 Ne4 15. Bxe4 dxe4 16. Qxe4 Qd7 17. Nf3 Re8 18. Qc2 Nc7 19. Be3 Ne6 20. Qf5 g6 21. Qf6 Be7 22. Qxf7+ Kxf7 23. Ne5+ Kg7 24. Nxd7 Rd8 25. Nc5 Nxc5 26.
dxc5 Bf6 27. Rb1 Rd3 28. Kf1 Rb3 29. Bc1 Bd4 30. Bd2 Rxb2 31. Rxb2 Bxb2 32. a4 Kf6 33.
Be3 h5 34. Ke2 Ke5 35. Kd3 Kf5 36. h3 Bf6 37. g3 g5 38. f3 g4 39. fxg4+ hxg4 40. hxg4+ Kxg4 41. Bf4 Kf5 42. Bd6 Bg5 43. Kd4 Bc1 44. Kd3 Bh6 45. Ke2 Kg4 46. Bb8 a6 47.
Bd6 Bg5 48. Kd3 Kf5 49. Kd4 Bd2 50. Kd3 Bh6 51. Kc3 Kg4 52. Kd3 Kf5 53. Bc7 Bg7 54.
Ke3 Bh6+ 55. Kf3 Bd2 56. g4+ Kg5 57. Bd8+ Kg6 58. Ke4 Bc3 59. g5 Bb2 60. Kf4 Bc3 61.
Bf6 Bb4 62. Bd4 Ba5 63. Ke5 Kxg5 64. Ke6 Kf4 65. Kd7 Ke4 66. Bg1 Kd3 67. Kc8 Kxc4 68.
Kxb7 Kb3 69. Kxc6 Bb4 70. a5 Ka4 71. Kb6 Bxa5+ 72. Kxa6 Bd8 73. c6 Kb4 74. Bb6 1-0

[Event "*** Titled Tuesday Blitz"]
[Site "Chess.com"]
[Date "2020.04.14"]
[Round "7"]
[White "CookiesAndIceCream"]
[Black "vanea_03"]
[Result "1-0"]
[WhiteElo "2384"]
[BlackElo "2604"]
[TimeControl "180+1"]
[EndTime "11:15:14 PDT"]
[Termination "CookiesAndIceCream won by resignation"]

1. e4 e5 2. Nf3 Nc6 3. Nc3 Nf6 4. Bb5 Nd4 5. Bc4 Bc5 6. d3 d6 7. Na4 b5 8. Nxd4 bxc4 9. Nf5 Bxf5 10. exf5 cxd3 11.
Qxd3 Bb6 12. Bg5 Qd7 13. Nc3 c6 14. O-O d5 15. Rae1 e4 16. Bxf6 gxf6 17. Kh1 O-O-O 18. Qh3 Rdg8 19. Na4 Rg5 20. f3 Rxf5 21. fxe4 Rxf1+ 22. Rxf1 Qxh3 23. gxh3 dxe4 24. Rxf6 Re8 25. Nxb6+ axb6 26.
Rxf7 e3 27. Rf1 Kd7 28. Kg2 Kd6 29. Kf3 Rf8+ 30. Ke2 Ra8 31. a3 Ra4 32. Kxe3 Rh4 33. Rf3 Kd5 34. Kd3 b5 35. b3 c5 36. c4+ bxc4+ 37. bxc4+ Kd6 38. Rg3 Kc6 39. Rf3 Kb6 40. Kc3 Ka5 41. Kb3 h6 42. Rg3 Rd4 43. Kc3 Rf4 44. Rg6 Rf3+ 45. Kb2 Rxh3 46. Rc6 Rxh2+ 47. Kb3 Rh3+ 48. Kc2 Rh2+ 49. Kd3 Rh3+ 50. Ke4 Ka4 51. Kd5 Kxa3 52. Kxc5 h5 53. Kb6 Kb3 54. c5 h4 55.
Rh6 Kc4 56. c6 Kd5 57. c7 Rb3+ 58. Ka7 Rc3 59. Kb8 Rc4 60. c8=Q 1-0

[Event "*** Titled Tuesday Blitz"]
[Site "Chess.com"]
[Date "2020.04.14"]
[Round "7"]
[White "IMUffeVinther-Schou"]
[Black "pedromartinez91"]
[Result "1-0"]
[WhiteElo "2348"]
[BlackElo "2510"]
[TimeControl "180+1"]
[EndTime "11:15:14 PDT"]
[Termination "IMUffeVinther-Schou won by resignation"]

1. e4 c5 2. Nf3 Nc6 3. Bb5 d5 4. exd5 Qxd5 5. Nc3 Qe6+ 6. Qe2 Qxe2+ 7. Kxe2 Bd7 8. Re1 Nf6 9. Kf1 g6 10. Bxc6 Bxc6 11.
Ne5 Bd7 12. Nxd7 Kxd7 13. d3 Bg7 14. Bf4 Rhc8 15. Re2 Nh5 16. Bg5 Bf6 17. Bxf6 Nxf6 18.
Rd1 e6 19. h3 b5 20. Nxb5 Rab8 21. c4 a6 22. Nc3 Ke7 23. b3 Rd8 24. Red2 Nh5 25.
d4 cxd4 26. Rxd4 Rxd4 27. Rxd4 Ng7 28. Ke2 Nf5 29. Rd3 e5 30. Ne4 Nd4+ 31. Kd2 f5 32.
Nc3 Ke6 33. f4 Nc6 34. Nd5 e4 35. Nc7+ Ke7 36. Rd5 Nb4 37. Ra5 Rd8+ 38. Nd5+ Nxd5 39. cxd5 Kd6 40. Rxa6+ Kxd5 41. Ke3 Kc5 42. Ra7 Kb4 43. Rxh7 Rd3+ 44. Ke2 Kc3 45. Rc7+ Kb2 46. b4 Kxa2 47. b5 Rb3 48. Rc6 Rxb5 49. Rxg6 Rb2+ 50. Ke3 Rb3+ 51. Kd2 Rb2+ 52. Ke1 Kb1 53. g4 Kc2 54. Rd6 Rb3 55. gxf5 Rxh3 56. Ke2 Rf3 57. f6 Rxf4 58. Ke3 Rf1 59. Kxe4 Kc3 60. Ke5 Kc4 61. Ke6 Kc5 62. Rd2 Re1+ 63. Kf7 Kc6 64. Kf8 Kc7 65. f7 Rg1 66. Rd5 Kc6 67. Rd2 Kc7 68. Rd4 Kc6 69. Ke7 Re1+ 70. Kf6 Rf1+ 71. Ke6 Rxf7 72. Kxf7 1-0

[Event "*** Titled Tuesday Blitz"]
[Site "Chess.com"]
[Date "2020.04.14"]
[Round "7"]
[White "kekic76"]
[Black "Poghosyan_Suren"]
[Result "0-1"]
[WhiteElo "2293"]
[BlackElo "2511"]
[TimeControl "180+1"]
[EndTime "11:15:14 PDT"]
[Termination "Poghosyan_Suren won by checkmate"]

1. e4 e6 2. d4 d5 3. exd5 exd5 4. Bd3 Nc6 5. Ne2 Bg4 6. c3 Bd6 7. Qc2 Nge7 8. h3 Bh5 9. Nf4 Bg6 10. Nxg6 hxg6 11. Nd2 Qd7 12. Nf3 O-O-O 13. Bg5 f6 14. Bd2 g5 15. O-O-O Rde8 16. Rde1 Nd8 17. Re2 g4 18.
Ng1 Ne6 19. Bf5 Nxf5 20. Qxf5 gxh3 21. Rxh3 Rxh3 22. Nxh3 Kd8 23. Kd1 c6 24. g3 Qf7 25.
Nf4 Bxf4 26. Bxf4 Kd7 27. Bd2 Rh8 28. Kc2 Rh5 29. Qf3 Qg6+ 30. Qd3 Qxd3+ 31. Kxd3 Rh2 32.
f3 Rh1 33. Re1 Rh2 34. Re2 Rh3 35. Rg2 g5 36. Ke2 f5 37. Be3 g4 38. fxg4 fxg4 39. Bf4 Ng7 40. Kf2 Nh5 41. Be5 Ke6 42. Kg1 c5 43.
Bb8 cxd4 44. cxd4 Kf5 45. Re2 Nxg3 46. Re5+ Kf6 47. Rxd5 Ne4 48. Kg2 Rd3 49. Rd7 Rd2+ 50. Kf1 Rxb2 51. Bxa7 g3 52. d5 g2+ 53. Kg1 Rd2 54.
Rxb7 Ng5 55. a4 Nf3# 0-1

[Event "*** Titled Tuesday Blitz"]
[Site "Chess.com"]
[Date "2020.04.14"]
[Round "7"]
[White "JulAnt"]
[Black "kaumandur01"]
[Result "0-1"]
[WhiteElo "2485"]
[BlackElo "2810"]
[TimeControl "180+1"]
[EndTime "11:15:15 PDT"]
[Termination "kaumandur01 won by resignation"]

1. e4 c5 2. Nf3 d6 3. d4 cxd4 4. Nxd4 Nf6 5. Nc3 a6 6. Bg5 e6 7. f4 Qc7 8. Qf3 Nbd7 9. O-O-O Be7 10. g4 b5 11. Bxf6 gxf6 12. Kb1 Bb7 13. Bd3 Nc5 14. f5 b4 15. Nce2 e5 16. Nb3 Nxd3 17. Qxd3 a5 18. Ng3 Kf8 19. Nh5 a4 20. Nc1 Rc8 21. Rd2 Qc4 22. Qe3 h6 23. Re1 a3 24.
b3 Qb5 25. Ng3 Rc3 26. Qe2 Qxe2 27. Rexe2 Rg8 28. Nd3 Rxg4 29. Nxb4 h5 30. Rd3 Rxd3 31. cxd3 h4 32. Nf1 Rg1 33. Re1 Bd8 34. Nc2 Ba5 35. b4 Bb6 36. Nxa3 d5 37. Kc2 dxe4 38. dxe4 Bf2 39.
Rc1 Bxe4+ 40. Kb3 Bd3 41. Rc8+ Ke7 42. Nd2 Bxf5 43. Rc7+ Ke6 44. Nac4 Bd4 45. b5 e4 46. Rc6+ Ke7 47. Rc7+ Kd8 48. Rxf7 e3 49. Nf3 Rb1+ 50. Ka4 e2 51. Ncd2 Rb2 52. Nb3 Bc3 53. b6 Bd3 54. a3 Be4 55. Ne1 Bxe1 56. b7 Bxb7 57. Rxb7 Bc3 58.
Rb8+ Kc7 59. Re8 e1=Q 60. Rxe1 Bxe1 0-1